 Dungeon Crawl Stone Soup version 0.30-a0-586-g23e55c9e0a (webtiles) character file.

Game seed: 2077176464933263205

197 snetch the Chopper (level 5, -1/47 HPs)
             Began as a Hill Orc Fighter on Jan 3, 2023.
             Was an Initiate of Beogh.
             Slain by an orc wizard
             ... wielding a +0 dagger
              (2 damage)
             ... on level 3 of the Dungeon.
             The game lasted 00:05:39 (1994 turns).

snetch the Chopper (Hill Orc Fighter)               Turns: 1994, Time: 00:05:40

Health: -1/47      AC:  9    Str: 21    XL:     5   Next: 75%
Magic:  5/5        EV:  9    Int:  8    God:    Beogh [......]
Gold:   106        SH:  0    Dex: 16    Spells: 4/4 levels left

rFire   . . .      SeeInvis .    a - +0 war axe
rCold   + . .      Faith    .    c - +0 buckler
rNeg    . . .      Spirit   .    b - +0 scale mail
rPois   .          Reflect  +    q - +0 helmet
rElec   .          Harm     .    (no cloak)
rCorr   .          Rampage  .    p - +0 pair of gloves
Will    .....                    (no boots) Stlth
                                 h - amulet of reflection
HPRegen 0.27/turn                m - +6 ring of dexterity
MPRegen 0.09/turn                o - ring of protection from cold

@: confused, mighty, attractive
A: no striking features
a: Renounce Religion


You were on level 3 of the Dungeon.
You worshipped Beogh.
Beogh was noncommittal.
You visited 1 branch of the dungeon, and saw 4 of its levels.

You collected 106 gold pieces.

Inventory:

Hand Weapons
 a - a +0 war axe (weapon)
Missiles
 g - 39 stones (quivered)
 l - 6 boomerangs
Armour
 b - a +0 scale mail (worn)
 c - a +0 buckler (worn)
 p - a +0 pair of gloves (worn)
 q - a +0 helmet (worn)
Jewellery
 h - an amulet of reflection (around neck)
 m - a +6 ring of dexterity (left hand)
 o - a ring of protection from cold (right hand)
 x - an amulet of guardian spirit
Wands
 w - a wand of polymorph (11)
Scrolls
 i - 2 scrolls of identify {unknown}
 r - a scroll of teleportation {unknown}
 u - a scroll of amnesia {unknown}
 v - a scroll of enchant armour {unknown}
Potions
 f - 3 potions of attraction
 j - a potion of ambrosia {unknown}
 k - a potion of resistance {unknown}
 n - a potion of flight {unknown}
 s - a potion of cancellation {unknown}
 t - a potion of haste {unknown}


   Skills:
 + Level 4.6 Fighting
 + Level 5.2 Axes
 + Level 4.0 Armour
 + Level 0.5 Dodging
 + Level 0.2 Stealth
 + Level 4.2 Shields


You had 4 spell levels left.
You didn't know any spells.
Your spell library was empty.

Dungeon Overview and Level Annotations

Branches:
Dungeon (4/15)
 Temple: D:4-7

Altars:


Message History

* * * LOW HITPOINT WARNING * * *
The orc wizard hits you with a +0 dagger.
* * * LOW HITPOINT WARNING * * *
Something hits you but does no damage.
Unknown command.
You bump into the rock wall.
The orc wizard hits you but does no damage.
Something hits you but does no damage.
Unknown command.
You hit the orc wizard.
The orc wizard is severely wounded.
You hit something.
The orc wizard gestures wildly while chanting.
The orc wizard flickers and vanishes!
Something hits you but does no damage.
Unknown command.
It was a potion of attraction.
You feel attractive to monsters. Something hits you but does no damage.
Something hits you.
* * * LOW HITPOINT WARNING * * *
You feel very mighty all of a sudden.
You hear some strange, mumbled words.
A magic dart appears from out of thin air!
The magic dart hits you.
* * * LOW HITPOINT WARNING * * *
Something hits you but does no damage.
You bump into the rock wall.
Something hits you but does no damage.
You hear some strange, mumbled words.
You are more confused.
Unknown command.
You bump into the rock wall.
You hear some strange, mumbled words.
A puff of flame appears from out of thin air!
The puff of flame hits you.
* * * LOW HITPOINT WARNING * * *
Something hits you but does no damage.
Unknown command.
Okay, then.
It was a potion of magic.
Magic courses through your body. Something hits you.
You die...
Beogh appreciates something's killing of a heretic priest.

#. ... ## #.....
.# #.. #.... ..#
#.##.... ..#
#...#.# [.# #..#.#
##..# #)#)## #...#
#{{..####..######
#@#..............
#.#.#####..#####
#.#.# #).# ###
#.#.#####..# #..
...........#####.#
....#####.##.....#
.............#####
###############


There were no monsters in sight!

Vanquished Creatures
  A jelly (D:1)
  An orc priest (D:3)
  Ijyb (D:3)
  2 adders
  A gnoll (D:1)
  2 dart slugs
  2 worms
  3 orcs (D:3)
  6 bats
  10 endoplasms
  5 giant cockroaches
  3 goblins
  8 hobgoblins
  8 jackals
  A quokka (D:1)
  3 ball pythons
  3 frilled lizards
  3 kobolds
  6 rats
69 creatures vanquished.

Vanquished Creatures (others)
  A dart slug (D:3)
1 creature vanquished.

Grand Total: 70 creatures vanquished

Notes
Turn   | Place    | Note
-------+----------+-------------------------------------------
     0 | D:1      | snetch the Hill Orc Fighter began the quest for the Orb.
     0 | D:1      | Reached XP level 1. HP: 19/19 MP: 1/1
     0 | D:1      | Noticed a jelly
     6 | D:1      | Found a runed translucent door.
   236 | D:1      | Reached XP level 2. HP: 27/27 MP: 2/2
   272 | D:1      | Reached skill level 3 in Axes
   390 | D:1      | Reached XP level 3. HP: 33/33 MP: 3/3
   984 | D:2      | Reached XP level 4. HP: 37/40 MP: 4/4
  1264 | D:2      | Found a faded altar of an unknown god.
  1611 | D:1      | Reached skill level 4 in Axes
  1633 | D:1      | Reached XP level 5. HP: 40/47 MP: 5/5
  1783 | D:3      | Became a worshipper of Beogh the Brigand
  1941 | D:3      | Noticed Ijyb
  1948 | D:3      | Killed Ijyb
  1949 | D:3      | Reached skill level 5 in Axes
  1993 | D:3      | HP: 1/47 [something/puff of flame (3)]
  1994 | D:3      | Slain by an orc wizard

Illustrated notes

Levels and vault maps discovered:
D:1:      dpeg_arrival_caged_fury, layout_loops_ring
D:2:      layout_loops_ring, chequers_ecumenical_altar_twisty,
          kennysheep_cross_bottleneck, serial_bayou_pond_d
D:3:      layout_loops_ring, nicolae_qazlal_style_of_elements, uniq_ijyb,
          uniq_natasha
D:4:      layout_basic

Skill      XL: |  1  2  3  4  5 |
---------------+----------------+-----
Fighting       | 4 |  4.6
Axes           | 3 4 5 |  5.2
Armour         | 4 |  4.0
Shields        | 4 |  4.2
Dodging        | |  0.5
Stealth        | |  0.2

Action                   |  1- 3 |  4- 6 || total
-------------------------+-------+-------++-------
Melee: War axe           |   106 |    99 ||   205
Invok: Convert to Beogh  |       |     1 ||     1
  Use: Potion            |       |     3 ||     3
Armor: Scale mail        |    50 |    72 ||   122
Dodge: Dodged            |    33 |    39 ||    72
Block: Buckler           |    41 |    60 ||   101

Table legend: (Time is in decaauts)
 A = Elapsed time spent in this place.
 B = Non-inter-level travel time spent in this place.
 C = Inter-level travel time spent in this place.
 D = Time resting spent in this place.
 E = Time spent auto-exploring this place.
 F = Levels seen in this place.
 G = Mean time per level.
                   A        B        C        D        E       F      G
               +--------+--------+--------+--------+--------+-----+--------+
         Total |   2072 |   1997 |     75 |      0 |   1150 |   4 |  518.0 |
       Dungeon |   2072 |   1997 |     75 |      0 |   1150 |   4 |  518.0 |
               +--------+--------+--------+--------+--------+-----+--------+

Top non-repeatable levels by time:
     D:1: 901 daAuts
     D:2: 815 daAuts
     D:3: 328 daAuts
     D:4: 27 daAuts
